 Dungeon Crawl Stone Soup version 0.30.0-5-g1a98f26d00 (webtiles) character file.

Game seed: 1455465590869340148

4156 retardedninja the Cleaver (level 10, -10/81 HPs)
             Began as a Hill Orc Fighter on May 11, 2023.
             Was a Believer of Hepliaklqana.
             Mangled by a polar bear (14 damage)
             ... on level 8 of the Dungeon on May 12, 2023.
             The game lasted 00:08:00 (7555 turns).

retardedninja the Cleaver (Hill Orc Fighter)        Turns: 7555, Time: 00:08:00

Health: -10/81     AC: 16    Str: 24    XL:     10   Next: 28%
Magic:  10/10      EV: 12    Int:  8    God:    Hepliaklqana [**....]
Gold:   457        SH:  5    Dex: 10    Spells: 9/9 levels left

rFire   . . .        w - +1 war axe (elec)
rCold   . . .        c - +0 buckler
rNeg    . . .        h - +0 plate armour
rPois   .            (no helmet)
rElec   .            n - +0 cloak
rCorr   .            o - +0 pair of gloves
SInv    +            (no boots)
Will    .....        (no amulet) Stlth
                     g - ring of see invisible
HPRegen 0.33/turn    v - +5 ring of evasion
MPRegen 0.12/turn

%: no passive effects
@: no status effects
A: reduced essence
a: Renounce Religion, Recall Ancestor, Ancestor Identity


You were on level 8 of the Dungeon.
You worshipped Hepliaklqana.
Hepliaklqana was pleased with you.
You visited 2 branches of the dungeon, and saw 9 of its levels.
You also visited: Sewer.

You collected 457 gold pieces.

Inventory:

Hand Weapons
 a - a +0 war axe
 w - a +1 war axe of electrocution (weapon)
Armour
 c - a +0 buckler (worn)
 h - a +0 plate armour (worn)
 n - a +0 cloak (worn)
 o - a +0 pair of gloves (worn)
Jewellery
 b - an amulet of faith
 g - a ring of see invisible (left hand)
 v - a +5 ring of evasion (right hand)
Wands
 i - a wand of iceblast (19)
 q - a wand of flame (12)
 s - a wand of mindburst (3)
Scrolls
 e - 3 scrolls of identify
 f - a scroll of silence {unknown}
 k - a scroll of acquirement {unknown}
 l - 5 scrolls of teleportation {unknown}
 r - a scroll of fog {unknown}
 t - 3 scrolls of enchant weapon {unknown}
 u - 2 scrolls of blinking {unknown}
 x - a scroll of immolation {unknown}
 y - 2 scrolls of noise {unknown}
 z - a scroll of magic mapping {unknown}
 A - 3 scrolls of vulnerability {unknown}
 B - 2 scrolls of brand weapon {unknown}
 E - 2 scrolls of poison {unknown}
 F - a scroll of fear {unknown}
 G - 3 scrolls of torment {unknown}
 K - a scroll of enchant armour {unknown}
Potions
 d - 3 potions of might
 j - 3 potions of curing
 m - 3 potions of heal wounds
 p - a potion of attraction
 C - a potion of flight {unknown}
 D - a potion of haste {unknown}
 H - a potion of mutation {unknown}
 I - a potion of berserk rage {unknown}
 J - 2 potions of ambrosia {unknown}


   Skills:
 + Level 8.7 Fighting
 * Level 12.2 Axes
 + Level 7.9 Armour
 + Level 7.9 Shields


You had 9 spell levels left.
You didn't know any spells.
Your spell library was empty.

Dungeon Overview and Level Annotations

Branches:
Dungeon (8/15)             Temple (1/1) D:4           Sewer (visited)
   Lair: D:8-11

Altars:
Ashenzari
Dithmenos
Elyvilon
Fedhas
Gozag
Hepliaklqana
Kikubaaqudgha
Makhleb
Nemelex Xobeh
Okawaru
Qazlal
Ru
Sif Muna
Trog
Uskayaw
Vehumet
Wu Jian
Xom
Yredelemnul
Zin
The Shining One
Beogh

Shops:
D:2 :   D:5 ?

Annotations:
D:3 3 runed translucent doors, SecretSquirrel's ghost, amateur VSFi


Message History

You hit the polar bear but do no damage.
Ingiyab gestures at the polar bear while chanting.
The stone arrow hits the polar bear!
The polar bear bites you but does no damage.
The polar bear claws you but does no damage. x2
The ice beast closely misses you.
You barely miss the ice beast.
The ice beast is moderately wounded.
You hit the polar bear. The ice beast closely misses you.
The polar bear bites you but does no damage.
The polar bear claws you but does no damage. x2
You hit the ice beast.
The ice beast is heavily wounded.
You hit the polar bear.
The polar bear bites you but does no damage.
The polar bear closely misses you.
The polar bear claws you but does no damage.
The ice beast hits you but does no damage.
You slash the polar bear!
The polar bear is severely wounded.
You slash the ice beast!
Lightning courses through the ice beast!
You kill the ice beast!
The polar bear goes berserk!
Unknown command.
Unknown command.
You hit the polar bear.
The polar bear is almost dead.
The polar bear bites you! The polar bear barely misses you.
You block the polar bear's attack.
You completely miss the polar bear.
The polar bear is almost dead.
The polar bear bites you! The polar bear barely misses you.
The polar bear claws you. The polar bear bites you!!
* * * LOW HITPOINT WARNING * * *
You block the polar bear's attack. The polar bear barely misses you.
You barely miss the polar bear.
The polar bear is almost dead.
The polar bear bites you!
You die...

... .##... ......
.... .. ..#.#...
.. .. .[.......
#.. ...#~#.~...
#.# .......... #.#
.........
######.#####...)h#
............# #@#
#####.#.########R#
## #.###.........#
.# ##.#.##########
.# ##.## .# #.# .#
### .## ..#####


You could see the friendly Ingiyab the battlemage and a polar bear (berserk,
ally target).

Vanquished Creatures
  A hornet (D:7)
  A wyvern (D:8)
  4 yaks (D:7)
  A water moccasin (D:8)
  2 ice beasts (D:8)
  A sky beast (D:7)
  5 black bears
  2 ogres
  3 centaurs
  A wolf (D:8)
  2 kobold brigands (Sewer)
  A phantom (D:6)
  A gnoll sergeant (D:7)
  2 scorpions
  3 wights (D:7)
  2 jellies
  3 orc priests
  3 hounds
  A sleepcap (D:7)
  An orc wizard (D:6)
  4 iguanas
  9 gnolls
  12 adders
  4 river rats
  2 shadow imps (D:6)
  A white imp (D:6)
  An ufetubus (D:5)
  3 worms
  3 dart slugs
  13 orcs
  5 bats
  9 endoplasms
  2 giant cockroaches
  2 goblins
  8 hobgoblins
  A jackal (Sewer)
  A quokka (D:1)
  5 ball pythons
  9 frilled lizards
  18 kobolds
  11 rats
163 creatures vanquished.

Vanquished Creatures (collateral kills)
  A rime drake (D:8)
  A yak (D:7)
  A kobold brigand (Sewer)
  A bullfrog (D:6)
  2 gnolls (D:7)
  A white imp (D:7)
  3 orcs
  A ball python (Sewer)
11 creatures vanquished.

Grand Total: 174 creatures vanquished

Notes
Turn   | Place    | Note
-------+----------+-------------------------------------------
     0 | D:1      | retardedninja the Hill Orc Fighter began the quest for the
                  | Orb.
     0 | D:1      | Reached XP level 1. HP: 19/19 MP: 1/1
    41 | D:1      | Reached skill level 3 in Axes
    41 | D:1      | Reached XP level 2. HP: 24/27 MP: 2/2
   431 | D:1      | Found an ancient bone altar of Kikubaaqudgha.
   450 | D:1      | Reached XP level 3. HP: 33/33 MP: 3/3
   755 | D:2      | Found a faded altar of an unknown god.
   954 | D:2      | Found Epiuckur's Book Shoppe.
  1514 | D:3      | Reached skill level 4 in Axes
  1514 | D:3      | Reached XP level 4. HP: 38/40 MP: 4/4
  1579 | D:3      | Identified the +1 dagger of Impatience {elec, Str+2}
  1801 | D:3      | Found a runed translucent gate.
  1802 | D:3      | Found a runed translucent gate.
  1802 | D:3      | Noticed SecretSquirrel's ghost (amateur VSFi)
  1803 | D:3      | Found a runed translucent gate.
  1804 | D:3      | Noticed a kobold brigand
  1882 | D:3      | Found a roughly hewn altar of Beogh.
  1894 | D:3      | Reached XP level 5. HP: 47/47 MP: 5/5
  2459 | D:4      | Reached skill level 5 in Axes
  2921 | D:4      | Found a staircase to the Ecumenical Temple.
  3084 | Temple   | Entered the Ecumenical Temple
  3250 | Temple   | Became a worshipper of Hepliaklqana the Forgotten
  3409 | D:5      | Entered Level 5 of the Dungeon
  3623 | D:5      | Noticed a black bear
  3628 | D:5      | Killed a black bear
  3629 | D:5      | Reached skill level 5 in Fighting
  3629 | D:5      | Reached XP level 6. HP: 46/56 MP: 6/6
  3817 | D:5      | Reached skill level 6 in Axes
  4003 | D:5      | Found Lomir's Magic Scroll Shoppe.
  4047 | D:5      | Noticed a black bear
  4047 | D:5      | Noticed a black bear
  4054 | D:5      | Killed a black bear
  4054 | D:5      | Killed a black bear
  4055 | D:5      | Reached skill level 5 in Shields
  4055 | D:5      | Reached XP level 7. HP: 54/61 MP: 7/7
  4140 | D:5      | Reached skill level 7 in Axes
  4140 | D:5      | Reached skill level 5 in Armour
  4667 | D:6      | Reached XP level 8. HP: 67/70 MP: 8/8
  4696 | D:6      | Found a glowing drain.
  4717 | Sewer    | Entered a sewer
  4738 | Sewer    | Reached skill level 8 in Axes
  5013 | Sewer    | Reached * piety under Hepliaklqana
  5982 | D:6      | Reached skill level 9 in Axes
  6070 | D:6      | Identified the +1 quarterstaff "Boxt" {heavy, rF- Dex+5}
  6452 | D:7      | Noticed a hornet
  6452 | D:7      | Reached ** piety under Hepliaklqana
  6455 | D:7      | Killed a hornet
  6456 | D:7      | Reached XP level 9. HP: 71/71 MP: 9/9
  6470 | D:7      | Found a shadowy altar of Dithmenos.
  6509 | D:7      | Reached skill level 10 in Axes
  6785 | D:7      | Found an iron altar of Okawaru.
  7061 | D:7      | Remembered your ancestor Ingiyab as a battlemage
  7189 | D:7      | Reached skill level 11 in Axes
  7201 | D:7      | Reached XP level 10. HP: 55/79 MP: 10/10
  7542 | D:8      | Reached skill level 12 in Axes
  7554 | D:8      | HP: 4/81 [polar bear (21)]
  7555 | D:8      | Mangled by a polar bear

Illustrated notes

Levels and vault maps discovered:
D:1:      sevenhm_arrival_forest_fort_small_6, layout_basic
D:2:      layout_basic, shapermc_ecumenical_altar_mp_urbaneastern, serial_shops,
          nicolae_shop_advertising_works [nicolae_subvault_shop_adworks]
D:3:      layout_basic, gammafunk_ghost_nasty_kobolds, kennysheep_orc_chapel
D:4:      layout_cave_pods, temple_hall, amcnicky_mini_rare_corridor_liquid
D:5:      nicolae_cairo_tiling, layout_gridville, nicolae_inconvenience_store,
          corexii_shack, roderic_roman_lattice, wad_floor_pattern_untrapped,
          grunt_ministairs_12
D:6:      layout_basic, portal_sewer_entry_b
D:7:      layout_cave_pods, okawaru_altar_gauntlet_db,
          nicolae_dithmenos_shadow_blocks, minmay_misc_feat_enclosed,
          chequers_serial_rivers_micro_b
D:8:      layout_loops_ring, slow_altar_2, hellmonk_lair_entry_icy
Temple:   nicolae_temple_bog_church

Skill      XL: |  1  2  3  4  5  6  7  8  9 10 |
---------------+-------------------------------+-----
Axes           | 3 4 5 6 7 9 11 12 | 12.2
Fighting       | 4 5 6 7 8 |  8.7
Armour         | 4 5 6 7 |  7.9
Shields        | 4 5 6 7 |  7.9

Action                     |  1- 3 |  4- 6 |  7- 9 | 10-12 || total
---------------------------+-------+-------+-------+-------++-------
  Melee: War axe           |   124 |   136 |   271 |    27 ||   558
 Invoke: Ancestor Life: Ba |       |       |     1 |       ||     1
    Use: Scroll            |       |       |     4 |       ||     4
   Stab: Distracted        |       |       |       |     1 ||     1
 Armour: Scale mail        |    20 |       |       |       ||    20
         Plate armour      |    57 |    99 |   121 |    28 ||   305
  Dodge: Dodged            |    45 |    68 |   122 |    17 ||   252
  Block: Buckler           |    28 |    38 |    82 |     6 ||   154
